 Dungeon Crawl Stone Soup version 0.26-a0-800-g517d6fe721 (webtiles) character file.

Game seed: 9737857667162968164

284 jalala the Bolt Thrower (level 6, -3/38 HPs)
             Began as a Kobold Hunter on Nov 11, 2020.
             Was an Initiate of Gozag.
             Slain by an ice beast (9 damage)
             ... on level 4 of the Dungeon.
             The game lasted 00:04:48 (4616 turns).

jalala the Bolt Thrower (Kobold Hunter)             Turns: 4616, Time: 00:04:50

Health: -3/38      AC: 12    Str: 12    XL:     6   Next: 55%
Magic:  6/6        EV: 15    Int: 12    God:    Gozag
Gold:   317        SH:  5    Dex: 15    Spells: 5/5 levels left

rFire    . . .     SeeInvis .   c - +2 mace (protect)
rCold    . . .     Faith    .   (shield restricted)
rNeg     . . .     Spirit   .   m - +1 leather armour (curse)
rPois    .         Reflect  +   (no helmet)
rElec    .         Harm     .   (no cloak)
rCorr    .         Rampage  .   q - +0 pair of gloves
MR       .....                  (no boots)
Stlth    +++.......             i - amulet of reflection
HPRegen  0.12/turn              (no ring)
MPRegen  0.10/turn              (no ring)

@: protection aura
A: small, nightstalker 3
a: Potion Petition, Call Merchant, Bribe Branch, Renounce Religion


You were on level 4 of the Dungeon.
You worshipped Gozag.
Gozag was aware of your devotion.
You visited 1 branch of the dungeon, and saw 4 of its levels.

You collected 385 gold pieces.
You paid 68 gold pieces to Gozag.

Inventory:

Hand Weapons
 a - a +1 hand crossbow
 b - a +1 dagger of venom
 c - a +2 mace of protection (weapon)
 n - a +0 quarterstaff
Missiles
 d - 68 bolts
Armour
 g - a +0 ring mail
 m - a cursed +1 leather armour (worn)
 q - a +0 pair of gloves (worn)
Jewellery
 i - an amulet of reflection (around neck)
Scrolls
 e - 3 scrolls of identify
 f - a scroll of enchant armour
 r - a scroll of enchant weapon {unknown}
Potions
 j - a potion of mutation
 k - a potion of might
 l - 2 potions of curing
 o - a potion of lignification


   Skills:
 + Level 3.8 Fighting
 * Level 7.1 Crossbows
 + Level 1.5 Armour
 + Level 3.5 Dodging
 - Level 1.3 Stealth


You had 5 spell levels left.
You didn't know any spells.
Your spell library was empty.

Dungeon Overview and Level Annotations

Branches:
Dungeon (4/15)
 Temple: D:4-7

Altars:
Gozag
Makhleb


Innate Abilities, Weirdness & Mutations

You are small and have problems with some larger weapons.
You are completely attuned to the shadows.


Message History

The ice beast completely misses you.
You barely miss the ice beast.
The ice beast is lightly wounded.
The ice beast hits you. The ice beast freezes you!
The ice beast barely misses you.
You hit the ice beast.
The ice beast is moderately wounded.
The ice beast barely misses you.
You hit the ice beast.
The ice beast is moderately wounded.
The ice beast misses you.
You closely miss the ice beast.
The ice beast is moderately wounded.
The ice beast hits you. The ice beast freezes you.
* * * LOW HITPOINT WARNING * * *
The ice beast hits you.
* * * LOW HITPOINT WARNING * * *
The ice beast freezes you!
You die...
Your body crumbles into a pile of gold.

......... ..........
#. ##.......##
#..##.##.........
#..#.......)...Y###.
.#........#...##@....
.....#....###..[.....
..........###.....##.
..##....#.#.#...##..
........#........#..
........#)##.......
..........###......
..........##...#.#
...........# .##


You could see an ice beast.

Vanquished Creatures
  A hound (D:4)
  3 orc wizards (D:3)
  A worker ant (D:3)
  5 adders
  An ooze (D:4)
  A worm (D:3)
  2 dart slugs
  3 leopard geckos
  12 orcs
  2 ball pythons (D:1)
  4 giant cockroaches
  5 goblins
  6 hobgoblins
  7 jackals
  7 bats
  3 frilled lizards
  4 kobolds
  13 rats
80 creatures vanquished.

Notes
Turn   | Place    | Note
-------+----------+-------------------------------------------
     0 | D:1      | jalala the Kobold Hunter began the quest for the Orb.
     0 | D:1      | Reached XP level 1. HP: 12/12 MP: 1/1
    38 | D:1      | Reached skill level 5 in Crossbows
   155 | D:1      | Reached XP level 2. HP: 18/18 MP: 2/2
   455 | D:1      | Reached XP level 3. HP: 11/22 MP: 3/3
  1615 | D:2      | Reached skill level 6 in Crossbows
  1615 | D:2      | Reached XP level 4. HP: 28/28 MP: 4/4
  2601 | D:3      | Reached XP level 5. HP: 17/32 MP: 5/5
  3071 | D:3      | Found an opulent altar of Gozag.
  3071 | D:3      | Found a burning altar of Makhleb.
  3164 | D:3      | Became a worshipper of Gozag Ym Sagoz the Greedy
  3226 | D:3      | Reached skill level 1 in Armour
  3299 | D:3      | Reached XP level 6. HP: 36/37 MP: 6/6
  3852 | D:4      | Reached skill level 7 in Crossbows
  4403 | D:4      | Noticed an ice beast
  4616 | D:4      | Slain by an ice beast

Illustrated notes

Levels and vault maps discovered:
D:1:      roderic_dead_forest, layout_basic
D:2:      layout_basic, serial_curves, eino_curves_04, eino_curves_04
D:3:      layout_loops_cross, gammafunk_temple_overflow_wave,
          hangedman_abyss_or_decor_lesser_grid
D:4:      layout_cave_pools

Skill      XL: |  1  2  3  4  5  6 |
---------------+-------------------+-----
Crossbows      | 5 6 7 |  7.1
Fighting       | 3 |  3.8
Armour         | 1 |  1.5
Dodging        | 3 |  3.5
Stealth        | |  1.3

Action                   |  1- 3 |  4- 6 || total
-------------------------+-------+-------++-------
Melee: Short sword       |   149 |       ||   149
       Whip              |     5 |    36 ||    41
       Dagger            |       |   140 ||   140
       Mace              |       |     6 ||     6
  Use: Scroll            |       |    11 ||    11
 Stab: Sleeping          |    15 |     2 ||    17
       Distracted        |     1 |       ||     1
Armor: Leather armour    |     8 |    22 ||    30
       Ring mail         |    39 |    17 ||    56
Dodge: Dodged            |   145 |   121 ||   266
Block: Other             |    29 |    47 ||    76

Table legend: (Time is in decaauts)
 A = Elapsed time spent in this place.
 B = Non-inter-level travel time spent in this place.
 C = Inter-level travel time spent in this place.
 D = Time resting spent in this place.
 E = Time spent auto-exploring this place.
 F = Levels seen in this place.
 G = Mean time per level.
                   A        B        C        D        E       F      G
               +--------+--------+--------+--------+--------+-----+--------+
         Total |   4637 |   4421 |    216 |   1019 |   2672 |   4 | 1159.2 |
       Dungeon |   4637 |   4421 |    216 |   1019 |   2672 |   4 | 1159.2 |
               +--------+--------+--------+--------+--------+-----+--------+

Top non-repeatable levels by time:
     D:3: 1640 daAuts
     D:1: 1621 daAuts
     D:2: 964 daAuts
     D:4: 411 daAuts
